Map: Eternal Empire LE

Players

Arctur

  • Race: Terran Terran
  • Spawn Location: 7:00

GunGFuBanDa - Winner!

  • Race: Protoss Protoss
  • League: Master
  • Spawn Location: 1:00

Event: DreamHack SC2 Masters 2020 Summer Europe

VOD

Have the link to the VOD?

Description

Time

  • Played on: June 26, 2020, 11:45 a.m.
  • Length: 12:11

All games in this series

Show
View Real Time Build Order
Export as new Build Order

Arctur Terran 

Build Orders: Liberator Opening, Reaper Expand 

Get SALT Encoding   

  12  0:00  SCV  
  13  0:13  SCV  
  14  0:17  Supply Depot  
  14  0:25  SCV  
  15  0:39  SCV  
  15  0:40  Barracks  
  16  0:44  Refinery  
  16  0:51  SCV  
  17  1:03  SCV  
  18  1:15  SCV  
  19  1:27  Reaper, Orbital Command  
  20  1:42  Command Center  
  20  1:51  Supply Depot  
  20  1:54  SCV  
  20  2:00  Marine  
  22  2:06  SCV  
  23  2:11  Factory  
  23  2:17  Bunker  
  23  2:21  SCV  
  24  2:23  Barracks Reactor  
  24  2:28  Refinery  
  24  2:33  SCV  
  25  2:45  SCV  
  26  2:54  Orbital Command  
  26  2:55  Starport  
  26  2:58  SCV, Marine  
  26  3:01  Marine  
  26  3:04  Widow Mine  
  31  3:10  SCV  
  32  3:16  Marine  
  32  3:19  Marine  
  34  3:21  SCV  
  34  3:22  SCV  
  34  3:26  Widow Mine  
  38  3:30  Supply Depot  
  38  3:32  Medivac  
  38  3:33  SCV  
  41  3:35  SCV  
  41  3:36  Marine  
  41  3:37  Marine  
  44  3:43  Supply Depot  
  44  3:45  SCV  
  44  3:47  SCV, Factory Tech Lab  
  46  3:56  Marine x2  
  46  3:57  SCV  
  46  3:59  SCV  
  46  4:02  Liberator  
  53  4:06  Supply Depot  
  53  4:10  SCV  
  53  4:11  SCV  
  55  4:19  Marine x2, Siege Tank  
  55  4:23  SCV x2, Supply Depot  
  62  4:28  Supply Depot  
  62  4:35  SCV x2  
  62  4:37  Marine x2  
  66  4:47  SCV  
  66  4:48  SCV  
  66  4:51  Siege Tank  
  69  4:54  Marine x2  
  69  4:59  SCV  
  72  5:00  SCV  
  72  5:02  Command Center, Starport Tech Lab  
  72  5:06  Supply Depot  
  73  5:11  SCV  
  73  5:12  SCV, Marine x2  
  77  5:17  Barracks  
  77  5:20  Barracks  
  77  5:23  SCV  
  77  5:24  SCV  
  77  5:27  Siege Tank  
  78  5:33  Bunker x2  
  78  5:35  SCV  
  79  5:36  SCV, Starport Reactor  
  79  5:37  Marine  
  79  5:38  Marine  
  78  5:47  SCV  
  78  5:48  SCV, Engineering Bay x2  
  78  5:59  SCV  
  78  6:00  SCV  
  77  6:07  Marine x2  
  77  6:11  SCV  
  77  6:12  SCV  
  77  6:17  Terran Infantry Weapons Level 1, Refinery x2, Stimpack, Terran Infantry Armor Level 1  
  79  6:19  Barracks  
  79  6:22  Orbital Command  
  79  6:23  Barracks  
  79  6:24  SCV  
  80  6:26  Marine x2  
  80  6:28  Marine  
  83  6:39  Marine  
  77  6:41  Combat Shield  
  77  6:42  Factory Reactor  
  77  6:43  Marine  
  77  6:44  Marine  
  77  6:46  Marauder  
  77  6:47  Supply Depot  
  74  6:48  Supply Depot  
  70  6:56  Supply Depot  
  70  6:57  Marauder  
  70  6:59  Medivac  
  75  7:01  SCV x2, Marine x2  
  75  7:02  SCV  
  75  7:03  Supply Depot  
  75  7:07  Marauder  
  81  7:10  Supply Depot  
  81  7:11  Supply Depot  
  81  7:12  Barracks Reactor, Barracks Tech Lab  
  81  7:19  Marauder, Widow Mine, Marine x2  
  81  7:22  Supply Depot  
  87  7:28  Missile Turret  
  87  7:29  Missile Turret, Marauder  
  89  7:33  Marauder  
  91  7:37  Marine x2  
  91  7:39  Marine  
  94  7:47  Medivac  
  94  7:48  Armory  
  94  7:49  Medivac, Factory Reactor, Marine x2  
  94  7:50  Marine  
  101  7:51  Supply Depot  
  101  7:55  Marauder, Marine x2  
  101  7:57  Marine  
  106  7:59  Orbital Command  
  106  8:00  Concussive Shells  
  106  8:07  Marine x2  
  106  8:08  Marauder  
  106  8:10  Supply Depot  
  110  8:13  Marine x2  
  110  8:16  Marauder x2  
  110  8:18  Medivac  
  110  8:19  SCV  
  119  8:22  SCV  
  119  8:24  SCV  
  119  8:25  Marine x2  
  123  8:29  Marauder  
  123  8:30  Marine x2  
  126  8:37  Marauder x2  
  130  8:42  SCV x2, Marine  
  130  8:43  SCV, Marine  
  130  8:45  Supply Depot  
  130  8:46  Ghost Academy  
  135  8:50  Marine x2  
  135  8:51  Marauder  
  137  8:58  Marauder  
  137  8:59  Marauder  
  137  9:00  Marine x2  
  141  9:08  Marine x2  
  138  9:12  Marauder  
  138  9:13  SCV, Viking  
  143  9:17  SCV  
  143  9:18  Marine x2  
  143  9:19  SCV  
  143  9:20  Marauder  
  148  9:25  SCV  
  148  9:29  SCV  
  152  9:32  Terran Infantry Weapons Level 2  
  152  9:34  Terran Infantry Armor Level 2  
  152  9:37  Refinery  
  150  9:42  Starport  
  149  9:47  Viking x2  
  149  9:48  Marine  
  154  9:54  SCV, Marine  
  154  9:55  Marauder, Marine  
  154  9:56  Marauder, Marine  
  160  10:02  Marauder  
  160  10:06  Marine  
  163  10:12  Marine  
  163  10:13  Marine  
  162  10:16  Marauder  
  162  10:17  Marauder  
  145  10:22  Marine  
  145  10:23  Marauder  
  145  10:24  SCV x2, Marine  
  133  10:29  Viking x2  
  133  10:30  Marine  
  133  10:33  SCV  
  133  10:34  Viking  
  140  10:36  Enhanced Shockwaves  
  140  10:49  Ghost x2, Refinery  
  139  10:53  Ghost  
  131  11:09  Command Center  
  131  11:11  Supply Depot  
  131  11:13  Medivac  
  131  11:14  Medivac  
  131  11:18  Supply Depot, Marauder, Marine  
  138  11:23  Marine  
  136  11:25  Supply Depot, Marauder  
  136  11:28  Marauder  
  136  11:29  Marine  
  139  11:36  Marine  
  142  11:40  Marauder  
  142  11:43  SCV  
  142  11:46  Marine  
  142  11:47  Marauder, Marine  
  137  11:49  Marauder  
  137  11:51  Marine  
Show
View Real Time Build Order
Export as new Build Order

GunGFuBanDa Protoss - Winner!

Build Orders: 1 Gate Expand, Blink Stalkers 

Get SALT Encoding   

  12  0:00  Probe  
  13  0:12  Probe  
  14  0:17  Pylon  
  14  0:24  Probe  
  15  0:32  Probe  
  15  0:37  Gateway  
  15  0:40  Probe  
  16  0:46  Assimilator  
  17  0:51  Probe  
  18  1:03  Probe  
  19  1:15  Probe  
  20  1:23  Nexus  
  20  1:33  Cybernetics Core  
  20  1:36  Probe  
  21  1:42  Assimilator  
  21  1:48  Probe  
  21  1:52  Pylon  
  22  2:00  Adept  
  22  2:01  Probe  
  23  2:13  Probe  
  23  2:14  Warp Gate  
  26  2:25  Twilight Council  
  26  2:26  Probe  
  27  2:32  Stalker  
  27  2:35  Probe x2  
  29  2:43  Probe x2  
  31  2:50  Blink  
  33  2:53  Probe x2  
  35  3:03  Probe  
  36  3:06  Stalker  
  36  3:08  Probe  
  36  3:11  Probe  
  40  3:20  Probe x2, Gateway  
  42  3:28  Gateway  
  42  3:31  Probe  
  43  3:35  Probe  
  43  3:37  Pylon  
  44  3:41  Robotics Facility  
  44  3:43  Probe  
  44  3:47  Probe, Assimilator  
  46  3:54  Pylon  
  46  3:56  Probe  
  46  3:59  Probe  
  46  4:02  Sentry  
  50  4:08  Probe  
  51  4:11  Pylon  
  52  4:20  Stalker  
  52  4:21  Nexus  
  53  4:26  Stalker  
  53  4:31  Observer  
  56  4:32  Pylon  
  56  4:40  Stalker  
  58  4:46  Probe  
  58  4:48  Probe  
  58  4:51  Stalker  
  59  4:59  Probe  
  60  5:00  Probe  
  60  5:02  Charge  
  60  5:03  Observer  
  62  5:07  Stalker x2  
  62  5:11  Probe  
  62  5:12  Probe  
  68  5:23  Probe  
  68  5:24  Probe  
  70  5:31  Stalker x3  
  70  5:33  Shield Battery  
  70  5:35  Probe, Immortal  
  75  5:36  Pylon  
  78  5:57  Stalker, Zealot x2  
  84  6:09  Probe  
  85  6:11  Probe, Shield Battery  
  86  6:20  Pylon  
  86  6:22  Pylon  
  86  6:29  Forge  
  86  6:32  Observer  
  86  6:36  Protoss Ground Weapons Level 1  
  86  6:37  Warp Prism  
  84  6:40  Probe x2  
  84  6:43  Nexus  
  82  6:54  Observer  
  82  6:56  Stalker x3  
  82  6:59  Robotics Bay  
  82  7:00  Probe x2  
  90  7:10  Assimilator  
  90  7:12  Gateway  
  90  7:13  Gateway  
  90  7:15  Observer  
  90  7:16  Gateway  
  90  7:18  Probe  
  90  7:19  Probe  
  92  7:23  Pylon  
  92  7:29  Colossus  
  92  7:30  Observer  
  90  7:38  Probe x2  
  90  7:41  Pylon  
  92  7:44  Pylon  
  92  7:48  Extended Thermal Lance  
  92  7:50  Zealot x3  
  104  8:01  Observer  
  104  8:02  Probe  
  104  8:03  Probe x2  
  107  8:12  Colossus  
  107  8:14  Probe  
  107  8:15  Probe  
  107  8:18  Pylon, Forge  
  108  8:25  Probe  
  108  8:26  Probe  
  116  8:29  Assimilator  
  116  8:32  Zealot, Assimilator  
  116  8:33  Zealot  
  120  8:38  Zealot  
  120  8:41  Protoss Ground Armor Level 1  
  120  8:42  Protoss Ground Weapons Level 2  
  120  8:45  Stalker, Zealot x2  
  126  8:53  Colossus  
  126  9:00  Zealot x3  
  129  9:15  Probe  
  130  9:17  Probe x2  
  130  9:18  Photon Cannon  
  130  9:19  Zealot  
  134  9:27  Probe  
  134  9:28  Gateway  
  134  9:30  Gateway  
  125  9:38  Sentry  
  125  9:39  Zealot x4  
  125  9:44  Photon Cannon  
  135  9:46  Warp Prism  
  135  9:56  Dark Shrine  
  135  10:06  Pylon  
  135  10:09  Observer  
  133  10:18  Disruptor  
  123  10:21  Zealot x5  
  136  10:35  Zealot x3  
  138  10:37  Pylon  
  138  10:38  Pylon  
  138  10:42  Nexus  
  136  10:46  Zealot x5  
  136  10:49  Robotics Facility  
  146  10:55  Disruptor  
  145  11:08  Zealot x8  
  161  11:18  Pylon  
  161  11:30  Disruptor  
  164  11:33  Unknown  
  164  11:37  Templar Archives  
  164  11:38  Zealot x3  
  164  11:39  Zealot x5  
  164  11:59  Zealot x2  
  164  12:00  Zealot x6  
Tags
 
Add a new tag
Caveats
  • Supply blocks, unpowered buildings, or Contaminate may cause inaccurate times.
  • Supply counts are checked every 10 seconds.